 Dungeon Crawl Stone Soup version 0.28.0-53-g5a82cb258f (webtiles) character file.

Game seed: 17302416586059557923

6375 Plasmagod the Basher (level 10, -18/84 HPs)
             Began as a Minotaur Gladiator on July 19, 2022.
             Was an Elder of the Shining One.
             Demolished by an orc knight
             ... wielding a +0 war axe
              (24 damage)
             ... in a bailey.
             The game lasted 00:19:12 (7722 turns).

Plasmagod the Basher (Minotaur Gladiator)           Turns: 7722, Time: 00:19:13

Health: -18/84     AC: 18    Str: 25    XL:     10   Next: 65%
Magic:  20/23      EV: 10    Int:  5    God:    the Shining One [****..]
Gold:   673        SH:  8    Dex: 13    Spells: 9/9 levels left

rFire   . . .      SeeInvis .   o - +12 mace of the Past {vorpal, rN+ Str+3}
rCold   . . .      Faith    .   (no shield)
rNeg    + + +      Spirit   .   h - +0 chain mail
rPois   .          Reflect  .   y - +2 hat
rElec   .          Harm     .   n - +2 cloak
rCorr   .          Rampage  .   j - +0 pair of gloves
Will    .....                   (no boots)
Stlth   ..........              u - amulet of the acrobat
HPRegen 0.24/turn               p - ring of magical power
MPRegen 0.18/turn               (no ring)

@: divinely shielded, hasted, glowing, very quick
A: horns 2, retaliatory headbutt
a: Renounce Religion, Divine Shield, Cleansing Flame


You were in a bailey.
You worshipped the Shining One.
The Shining One was greatly pleased with you.
You visited 1 branch of the dungeon, and saw 9 of its levels.
You also visited: Ossuary and Bailey.

You collected 673 gold pieces.

Inventory:

Hand Weapons
 o - the +12 mace of the Past (weapon) {vorpal, rN+ Str+3}
   (You found it on level 3 of the Dungeon)

   It inflicts extra damage upon your enemies.
   Str:       It affects your strength (+3).
   rN:        It protects you from negative energy.
 q - the +2 trident of Extermination {antimagic, *Slow rF++ rC+ Str-5}
   (You found it on level 4 of the Dungeon)

   It reduces the magical energy of the wielder, and disrupts the spells and
   magical abilities of those it strikes.
   Natural abilities and divine invocations are not affected.
   Str:       It affects your strength (-5).
   rF:        It greatly protects you from fire.
   rC:        It protects you from cold.
   *Slow:     It may slow you when you take damage.
Missiles
 d - 2 throwing nets (quivered)
Armour
 c - a +0 hat
 h - a +0 chain mail (worn)
 j - a +0 pair of gloves (worn)
 n - a +2 cloak (worn)
 x - the +1 ring mail "Kanwuus" {rC++ Will- rCorr Str-2}
   (You found it on level 5 of the Dungeon)

   Str:       It affects your strength (-2).
   rC:        It greatly protects you from cold.
   rCorr:     It protects you from acid and corrosion.
   Will:      It decreases your willpower.
 y - a +2 hat (worn)
Jewellery
 p - a ring of magical power (left hand)
 t - a ring of wizardry
 u - an amulet of the acrobat (around neck)
 A - a ring of positive energy
Wands
 w - a wand of mindburst (15)
 F - a wand of polymorph (1)
Scrolls
 b - 4 scrolls of teleportation
 e - 3 scrolls of blinking
 k - 2 scrolls of immolation
 m - a scroll of silence
 s - a scroll of magic mapping
 z - a scroll of fear
 G - a scroll of fog
Potions
 f - 3 potions of flight
 i - 5 potions of curing
 l - a potion of magic {unknown}
 r - a potion of mutation {unknown}
 v - 3 potions of ambrosia
 B - a potion of lignification
 C - a potion of might {unknown}
 E - a potion of attraction {unknown}


   Skills:
 + Level 6.7 Fighting
 + Level 5.6(9.5) Axes
 + Level 12.0(12.5) Maces & Flails
 + Level 2.1 Throwing
 + Level 8.8 Armour
 + Level 5.3 Dodging
 + Level 1.3 Stealth
 * Level 6.8 Invocations


You had 9 spell levels left.
You didn't know any spells.
Your spell library contained the following spells:

 Spells                   Type           Power      Damage    Failure   Level
 Summon Forest            Summ/Tloc      0%         N/A       100%        5
 Summon Mana Viper        Hex/Summ       0%         N/A       100%        5
 Summon Cactus Giant      Summ           0%         N/A       100%        6


Dungeon Overview and Level Annotations

Branches:
Dungeon (9/15)             Temple (0/1) D:7            Lair (0/6) D:8
Ossuary (visited)          Bailey (1/1)
    Orc: D:9-12

Altars:
Dithmenos
Kikubaaqudgha
Makhleb
Trog
Uskayaw
Wu Jian
The Shining One

Annotations:
D:5 2 transporters, Kaptain's ghost, novice GrEE


Innate Abilities, Weirdness & Mutations

You have a pair of horns on your head.
You reflexively headbutt those who attack you in melee.


Message History

The floor, spattered with blood.
Press: ? - help, v - describe, . - travel, g - get item
Here: an orc knight, wielding a +0 war axe and wearing a +0 plate armour (strong, haloed)
Items here: (( )) ††.
An open door, spattered with blood.
There is an open gate here.
You bludgeon the orc knight!!
The orc knight is moderately wounded.
You hit the orc knight.
The orc knight is heavily wounded.
The orc knight hits you with a +0 war axe!!
* * * LOW HITPOINT WARNING * * *
You feel much better.
You hit the orc knight. Your headbutt misses the orc knight.
The orc knight is heavily wounded.
The orc knight hits you with a +0 war axe!
You hit the orc knight.
The orc knight is heavily wounded.
You hit the orc knight but do no damage.
The orc knight is heavily wounded.
The orc knight hits you with a +0 war axe!!
* * * LOW HITPOINT WARNING * * *
The orc knight no longer looks unusually strong.
Okay, then.
Okay, then.
A divine shield forms around you! You block the orc knight's attack.
You thump the orc knight! You punch the orc knight.
The orc knight is severely wounded.
You hit the orc knight.
The orc knight is severely wounded.
You block the orc knight's attack.
The orc knight roars a battlecry!
The orc knight goes into a battle-frenzy!
You sock the orc knight!
The orc knight is almost dead.
The orc knight no longer looks unusually strong.
You thump the orc knight!
You kill the orc knight!
The orc knight hits you with a +0 war axe!!
You die...

##..)).## ####'''####
##≈.......≈##
#####≈≈.......≈≈#####
#....≈≈.......≈≈....#
#.###≈≈.......≈≈###.#
#....≈≈.......≈≈....#
#.###≈≈....)o.≈≈###.#
#....≈≈....@..≈≈....#
#.###≈≈.......≈≈###.#
#....≈≈.......≈≈....#
#.###≈≈.......≈≈###.#
#....≈≈.......≈≈....#
#####≈≈....)(.≈≈#####
##≈..)()(.≈##
####.((#### #...#


You could see an orc knight (strong).

Vanquished Creatures
  3 death yaks (D:8)
  An orc knight (Bailey)
  A gargoyle (D:8)
  Prince Ribbit (D:5)
  9 yaks
  Grum (D:8)
  2 orc warriors (Bailey)
  3 sky beasts
  2 ogres
  2 wolves (D:8)
  A centaur (D:7)
  8 kobold brigands
  A gnoll sergeant (D:8)
  5 scorpions
  3 bullfrogs
  A wyvern zombie (D:5)
  2 centaur zombies
  2 hounds (D:6)
  6 orc priests
  An iguana (D:4)
  3 orc wizards
  8 mummies (Ossuary)
  7 adders
  3 gnolls (D:8)
  2 shadow imps
  4 white imps
  An ufetubus (D:6)
  A worm (D:4)
  2 dart slugs
  24 orcs
  8 endoplasms
  3 giant cockroaches
  3 gnoll zombies (Ossuary)
  7 goblins
  7 hobgoblins
  2 jackals (D:3)
  A quokka (D:1)
  8 ball pythons
  8 bats
  2 frilled lizards
  2 hobgoblin zombies (Ossuary)
  16 kobolds
  3 orc zombies (Ossuary)
  8 rats
188 creatures vanquished.

Notes
Turn   | Place    | Note
-------+----------+-------------------------------------------
     0 | D:1      | Plasmagod the Minotaur Gladiator began the quest for the
                  | Orb.
     0 | D:1      | Reached XP level 1. HP: 18/18 MP: 0/0
   208 | D:1      | Found a faded altar of an unknown god.
   216 | D:1      | Prayed at the altar of an unknown god.
   216 | D:1      | Became a worshipper of the Shining One
   216 | D:1      | Reached * piety under the Shining One
   277 | D:1      | Reached XP level 2. HP: 24/25 MP: 1/1
   851 | D:2      | Reached XP level 3. HP: 30/30 MP: 2/2
  1063 | D:2      | Reached skill level 1 in Invocations
  1720 | D:3      | Reached XP level 4. HP: 31/37 MP: 3/3
  1887 | D:3      | Reached ** piety under the Shining One
  1911 | D:3      | Reached skill level 5 in Axes
  1911 | D:3      | Reached XP level 5. HP: 5/44 MP: 5/5
  2346 | D:3      | Identified the +12 mace of the Past {vorpal, rN+ Str+3}
  2570 | D:3      | Reached skill level 1 in Armour
  2732 | D:4      | Noticed a moth of wrath
  2735 | D:4      | Found a bloodstained altar of Trog.
  2754 | D:4      | Identified the +2 trident of Extermination {antimagic,
                  | *Slow rF++ rC+ Str-5}
  2966 | D:4      | Reached skill level 1 in Maces & Flails
  2967 | D:4      | Reached skill level 2 in Maces & Flails
  2967 | D:4      | Reached XP level 6. HP: 34/51 MP: 6/6
  3070 | D:4      | Noticed a yak
  3549 | D:5      | Entered Level 5 of the Dungeon
  3564 | D:5      | Reached skill level 3 in Maces & Flails
  3699 | D:5      | Reached XP level 7. HP: 50/57 MP: 8/8
  3785 | D:5      | Found a transporter.
  3785 | D:5      | Noticed Kaptain's ghost (novice GrEE)
  3786 | D:5      | Found a transporter.
  3797 | D:5      | Noticed Prince Ribbit
  3807 | D:5      | Killed Prince Ribbit
  3808 | D:5      | Reached skill level 4 in Maces & Flails
  3821 | D:5      | Identified the +1 ring mail "Kanwuus" {rC++ Will- rCorr
                  | Str-2}
  3826 | D:5      | Reached skill level 5 in Maces & Flails
  3981 | D:5      | Found a burning altar of Makhleb.
  3981 | D:5      | Noticed a balrug
  4176 | D:6      | Reached XP level 8. HP: 57/66 MP: 9/9
  4249 | D:6      | Reached skill level 6 in Maces & Flails
  4655 | D:6      | Reached *** piety under the Shining One
  4698 | D:6      | Found an ancient bone altar of Kikubaaqudgha.
  4707 | D:6      | Found a hide-covered altar of Uskayaw.
  4874 | D:7      | Found a sand-covered staircase.
  4878 | Ossuary  | Entered an ossuary
  4892 | Ossuary  | Reached skill level 7 in Maces & Flails
  4903 | Ossuary  | Reached skill level 5 in Armour
  5061 | Ossuary  | Reached **** piety under the Shining One
  5550 | D:7      | Reached skill level 8 in Maces & Flails
  5573 | D:7      | Found a staircase to the Ecumenical Temple.
  6043 | D:8      | Noticed a gargoyle
  6054 | D:8      | Killed a gargoyle
  6055 | D:8      | Reached skill level 5 in Fighting
  6055 | D:8      | Reached skill level 1 in Stealth
  6055 | D:8      | Reached XP level 9. HP: 46/74 MP: 11/11
  6246 | D:8      | Reached skill level 5 in Dodging
  6249 | D:8      | Reached skill level 9 in Maces & Flails
  6358 | D:8      | Found a staircase to the Lair.
  6360 | D:8      | Noticed a death yak
  6361 | D:8      | Noticed a death yak
  6382 | D:8      | Killed a death yak
  6383 | D:8      | Reached skill level 5 in Invocations
  6387 | D:8      | Killed a death yak
  6388 | D:8      | Reached skill level 10 in Maces & Flails
  6388 | D:8      | Noticed a death yak
  6397 | D:8      | Reached XP level 10. HP: 42/83 MP: 13/13
  6408 | D:8      | Killed a death yak
  6765 | D:8      | Found an ornate altar of the Wu Jian Council.
  6766 | D:8      | Found a shadowy altar of Dithmenos.
  7055 | D:8      | Noticed Grum
  7061 | D:8      | Reached skill level 11 in Maces & Flails
  7067 | D:8      | Killed Grum
  7570 | D:9      | Found a flagged portal.
  7582 | Bailey   | Entered a bailey
  7682 | Bailey   | Noticed an orc knight
  7685 | Bailey   | Noticed an orc knight
  7698 | Bailey   | Reached skill level 12 in Maces & Flails
  7722 | Bailey   | Killed an orc knight
  7722 | Bailey   | Demolished by an orc knight

Illustrated notes

Levels and vault maps discovered:
D:1:      ncdulo_smallfort, layout_basic,
          dreamdust_ecumenical_altar_hidden_monk_grotto
D:2:      layout_loops_corners, kennysheep_generic_room_14
D:3:      layout_loops_cross
D:4:      layout_rooms, tgw_trog, lightli_corner_chamber
D:5:      layout_cave_pools, makhleb_altar_promises_db, gammafunk_ghost_arena,
          uniq_prince_ribbit1
D:6:      layout_loops_cross, mainiacjoe_overflow_swirl
D:7:      layout_basic, minmay_temple_entry_waves, enter_ossuary_5,
          nicolae_underground_beach
D:8:      layout_rooms, gammafunk_temple_overflow_pools, dpeg_lair_monsters,
          uniq_grum
D:9:      layout_stronghold, nicolae_hepliaklqana_hippocampus,
          jmf_multi_god_temple2, enter_bailey_3
Bailey:   bailey_axe_3, bailey

Skill      XL: |  1  2  3  4  5  6  7  8  9 10 |
---------------+-------------------------------+-----
Axes           | 4 5 |  5.6
Invocations    | 1 2 3 4 6 |  6.8
Dodging        | 4 5 |  5.3
Armour         | 2 3 4 5 7 8 |  8.8
Fighting       | 3 4 5 6 |  6.7
Maces & Flails | 2 3 5 8 10 12 | 12.0
Stealth        | 1 |  1.3
Throwing       | |  2.1

Action                   |  1- 3 |  4- 6 |  7- 9 | 10-12 || total
-------------------------+-------+-------+-------+-------++-------
Melee: War axe           |    55 |    27 |       |       ||    82
       Headbutt          |     9 |     7 |    22 |    24 ||    62
       Mace              |       |    43 |   141 |    99 ||   283
       Punch             |       |       |     1 |     3 ||     4
Throw: Throwing net      |       |       |     1 |       ||     1
Invok: Divine Shield     |       |       |       |     1 ||     1
  Use: Scroll            |       |     6 |     9 |     1 ||    16
       Potion            |       |       |       |     4 ||     4
Armor: Leather armour    |     7 |       |       |       ||     7
       Chain mail        |    18 |    43 |    51 |    36 ||   148
Dodge: Dodged            |    28 |    32 |    74 |    54 ||   188
Block: Other             |       |       |       |     2 ||     2
